 Dungeon Crawl Stone Soup version 0.30-b1-2-g02819fbbbe (webtiles) character file.

Game seed: 15986031330266828372

72 Alarkh the Shooter (level 4, -1/34 HPs)
             Began as a Demonspawn Hexslinger on July 8, 2023.
             Slain by an orc
             ... wielding a +2 short sword of venom
              (2 damage)
             ... on level 2 of the Dungeon.
             The game lasted 00:02:04 (1171 turns).

Alarkh the Shooter (Demonspawn Hexslinger)          Turns: 1171, Time: 00:02:06

Health: -1/34      AC:  5    Str: 11    XL:     4   Next: 6%
Magic:  5/5        EV: 12    Int: 16    God:
Gold:   71         SH:  0    Dex: 13    Spells: 1/5 levels left

rFire   + . .        a - +1 sling
rCold   + . .        (no shield)
rNeg    . . .        c - +0 robe
rPois   +            g - +2 helmet
rElec   +            (no cloak)
rCorr   +            (no gloves)
SInv    .            (no boots)
Will    .....        (no amulet)
Stlth   +            (no ring)
HPRegen 0.25/turn    (no ring)
MPRegen 0.18/turn

%: no passive effects
@: mighty, resistant, flying
A: magic regeneration, weakness stinger 2
a: no special abilities


You were on level 2 of the Dungeon.
You visited 1 branch of the dungeon, and saw 2 of its levels.

You collected 71 gold pieces.

Inventory:

Hand Weapons
 a - a +1 sling (weapon)
Armour
 c - a +0 robe (worn)
 g - a +2 helmet (worn)
Jewellery
 d - a ring of fire
Scrolls
 b - a scroll of poison
 f - a scroll of blinking {unknown}
 h - a scroll of fog {unknown}
 k - a scroll of enchant armour {unknown}
 l - a scroll of identify {unknown}
 m - a scroll of brand weapon {unknown}
Potions
 e - a potion of resistance
 i - a potion of might
 j - a potion of curing
 n - a potion of flight


   Skills:
 + Level 2.3 Fighting
 * Level 3.4 Ranged Weapons
 - Level 1.7 Dodging
 - Level 1.0 Spellcasting
 - Level 3.0 Hexes


You had one spell level left.
You knew the following spells:

 Your Spells              Type           Power      Damage    Failure   Level
a - Slow                  Hex            40%        N/A       7%          1
b - Inner Flame           Hex/Fire       5%         N/A       36%         3

Your spell library contained the following spells:

 Spells                   Type           Power      Damage    Failure   Level
 Apportation              Tloc           0%         N/A       22%         1
 Necrotise                Necr           0%         1d4       22%         1
 Summon Small Mammal      Summ           0%         N/A       22%         1
 Portal Projectile        Hex/Tloc       10%        N/A       36%         3
 Cause Fear               Hex            5%         N/A       54%         4


Dungeon Overview and Level Annotations

Branches:
Dungeon (2/15)

Altars:


Innate Abilities, Weirdness & Mutations

You regenerate magic rapidly.
You have a tail ending in a sharp stinger.


Message History

You feel sick.
The orc hits you with a +2 short sword of venom.
The orc priest hits you with a +0 dagger.
The orc closely misses you.
It was a potion of might.
You feel very mighty all of a sudden.
You feel sick.
The orc hits you with a +2 short sword of venom.
* * * LOW HITPOINT WARNING * * *
The orc priest hits you but does no damage.
The orc closely misses you.
It was a potion of curing.
You feel better.
The orc hits you with a +2 short sword of venom.
The orc priest completely misses you. The orc closely misses you.
It was a potion of flight.
You feel very buoyant.
You fly up into the air.
The orc hits you but does no damage. The orc priest misses you.
The orc hits you but does no damage. The orc attacks as you move away!
The orc hits you with a +2 short sword of venom.
The orc wizard gestures wildly while chanting.
The orc wizard flickers and vanishes!
Deactivating autopickup; reactivate with Ctrl-A.
The orc attacks as you move away! The orc hits you but does no damage.
The orc priest attacks as you move away!
The orc priest hits you with a +0 dagger.
The orc attacks as you move away! The orc hits you but does no damage.
The orc barely misses you.
The orc priest attacks as you move away!
The orc priest hits you but does no damage.
The orc attacks as you move away! The orc barely misses you.
The orc attacks as you move away! The orc completely misses you.
You shoot a sling bullet.
The sling bullet hits the orc but does no damage.
The orc is heavily wounded.
The orc priest mumbles some strange prayers to Beogh against you.
Pain shoots through your body!
* * * LOW HITPOINT WARNING * * *
The orc hits you with a +2 short sword of venom.
You die...

#########
#######.......#
#####.........)o..#
#.....).......@.oo###
#............####...#
#............#
##...####
#######........#
#.......# ..#
#........# #.......#
..# #........#
#.....).# ..#
#........# #.......#
..# #........#
#.......# ..#
#........# #.......#


You could see an orc priest and 2 orcs.

Vanquished Creatures
  2 adders (D:2)
  4 dart slugs
  An orc (D:2)
  4 ball pythons (D:1)
  3 endoplasms
  A giant cockroach (D:1)
  6 goblins
  3 hobgoblins (D:1)
  2 jackals (D:1)
  4 quokkas (D:1)
  2 bats (D:1)
  3 frilled lizards
  3 kobolds
  6 rats
44 creatures vanquished.

Notes
Turn   | Place    | Note
-------+----------+-------------------------------------------
     0 | D:1      | Alarkh the Demonspawn Hexslinger began the quest for the
                  | Orb.
     0 | D:1      | Reached XP level 1. HP: 15/15 MP: 2/2
   112 | D:1      | Gained mutation: You have a small tail. [demonic ancestry]
   112 | D:1      | Reached XP level 2. HP: 21/21 MP: 3/3
   391 | D:1      | Gained mutation: You regenerate magic rapidly. [demonic
                  | ancestry]
   391 | D:1      | Reached XP level 3. HP: 26/27 MP: 4/4
   417 | D:1      | Found a faded altar of an unknown god.
   594 | D:1      | Learned a level 3 spell: Inner Flame
  1088 | D:2      | Gained mutation: You have a tail ending in a sharp stinger.
                  | [demonic ancestry]
  1088 | D:2      | Reached XP level 4. HP: 33/33 MP: 5/5
  1170 | D:2      | HP: 1/34 [orc priest/nerve-wracking pain (14)]
  1171 | D:2      | Slain by an orc

Illustrated notes

Levels and vault maps discovered:
D:1:      amcnicky_arrival_single_pillar, layout_loops_ring,
          dreamdust_ecumenical_altar_grove
D:2:      layout_basic, st_stairs_1, uniq_robin

Skill      XL: |  1  2  3 |
---------------+----------+-----
Ranged Weapons | 2 3 |  3.4
Fighting       | 2 |  2.3
Dodging        | |  1.7
Spellcasting   | |  1.0
Hexes          | |  3.0

Action                     |  1- 3 |  4- 6 || total
---------------------------+-------+-------++-------
   Fire: Sling             |   137 |    11 ||   148
    Use: Potion            |       |     4 ||     4
 Armour: Robe              |    23 |     6 ||    29
  Dodge: Dodged            |    42 |     9 ||    51
